AoeStats
← vixilixiv

Golden Pit

508650669Analyzed
1v1 RM · 10d ago on Sep 23, 2026· 26m 15s· 2 players
Game mode
Random Map
Map size
Tiny (2 player)
Population
200
Speed
Normal
Resources
Standard
Victory
Conquest
Starting age
Dark Age
Ending age
Imperial Age
RankedLock teamsTeams togetherTeam positionsShared explorationLock speedFull tech treeHidden civsTurbo modeCheats
Victory
Defeat
🇮🇳 Mongols · India
705
+15
🇱🇹 Koreans · Lithuania
692
-15
skeveldra
10:55 Feudal Age
12:47 Loom
16:28 Forging
18:09 Fletching
18:23 Double-Bit Axe
18:18 Horse Collar
21:44 Scale Barding Armor
23:07 Scale Mail Armor
vixilixiv
7:46 Loom
10:05 Feudal Age
11:36 Double-Bit Axe
13:22 Bloodlines
20:16 Fletching
20:26 Padded Archer Armor
25:01 Castle Age
23:39 Forging
23:34 Scale Barding Armor
25:19 Crossbowman
Connection lost

Rejoining the realm…

Still unreachable

The connection could not be restored.

Session expired

The server has moved on; the page needs a fresh start.